 Dungeon Crawl Stone Soup version 0.31.0-11-ge490571c62 (webtiles) character file.

Game seed: 11422596771065430053

7971 sizofrenicar the Cleaver (level 11, -2/95 HPs)
             Began as a Minotaur Berserker on Feb 6, 2024.
             Was an Elder of Trog.
             Slain by a thrashing horror (5 damage)
             ... on level 2 of the Abyss on Feb 7, 2024.
             The game lasted 00:45:05 (8406 turns).

sizofrenicar the Cleaver (Minotaur Berserker)       Turns: 8406, Time: 00:45:05

Health: -2/95      AC:  0    Str: 23    XL:     11   Next: 3%
Magic:  0/10       EV: 16    Int:  4    God:    Trog [****..]
Gold:   461        SH:  0    Dex: 13    Spells: 10/10 levels left

rFire   . . .        L - melded +5 hand axe
rCold   . . .        y - melded +0 buckler of Aligenu {+Inv rPois Will-}
rNeg    . . .        K - melded +4 scale mail
rPois   .            P - melded +1 hat
rElec   .            k - melded +2 cloak
rCorr   .            (gloves currently unavailable)
SInv    .            N - melded +2 pair of boots
Will    .....        G - amulet of guardian spirit
Stlth   +            B - melded ring of willpower
HPRegen 0.35/turn    (ring currently unavailable)
MPRegen 0.12/turn

%: guardian spirit
@: pig-form, on berserk cooldown, slowed
A: fast, no casting, small, (horns 2), (retaliatory headbutt)
a: Renounce Religion, Berserk, Trog's Hand, Brothers in Arms


You were on level 2 of the Abyss.
You worshipped Trog.
Trog was greatly pleased with you.
You were a filthy swine.
You visited 2 branches of the dungeon, and saw 9 of its levels.
You visited the Abyss 1 time.

You collected 461 gold pieces.

Inventory:

Hand Weapons
 H - a +3 flail of draining
 L - a +5 hand axe (melded)
Missiles
 h - 4 poisoned darts (quivered)
Armour
 k - a +2 cloak (melded)
 l - a +0 kite shield
 y - the +0 buckler of Aligenu (melded) {+Inv rPois Will-}
   (You found it on level 3 of the Dungeon)

   rPois:     It protects you from poison Will-: It decreases your willpower.
   +Inv:      It lets you turn invisible.
 K - a +4 scale mail (melded)
 N - a +2 pair of boots (melded)
 P - a +1 hat (melded)
Jewellery
 B - a ring of willpower (melded)
 G - an amulet of guardian spirit (around neck)
Wands
 o - a wand of roots (22)
 u - a wand of flame (19)
 z - a wand of digging (4)
 F - a wand of mindburst (4)
 I - a wand of polymorph (8)
Scrolls
 b - 6 scrolls of revelation {unknown}
 c - 3 scrolls of identify {unknown}
 e - a scroll of torment {unknown}
 f - a scroll of amnesia {unknown}
 g - 2 scrolls of enchant armour {unknown}
 i - 2 scrolls of silence {unknown}
 j - a scroll of poison {unknown}
 n - 6 scrolls of teleportation {unknown}
 p - 2 scrolls of fog {unknown}
 s - 2 scrolls of noise {unknown}
 t - 3 scrolls of vulnerability {unknown}
 A - 2 scrolls of blinking {unknown}
 C - a scroll of fear {unknown}
 D - a scroll of butterflies {unknown}
 J - 2 scrolls of immolation {unknown}
Potions
 a - a potion of mutation {unknown}
 d - a potion of heal wounds {unknown}
 m - 3 potions of berserk rage {unknown}
 q - a potion of brilliance {unknown}
 r - 5 potions of curing {unknown}
 v - a potion of attraction {unknown}
 w - 2 potions of lignification {unknown}
 x - a potion of invisibility {unknown}
 E - a potion of enlightenment {unknown}
 M - 2 potions of experience {unknown}
 O - 3 potions of haste {unknown}


   Skills:
 + Level 8.6 Fighting
 * Level 12.4(13.2) Axes
 + Level 7.0(10.6) Maces & Flails
 + Level 0.2 Throwing
 + Level 10.0 Armour
 + Level 5.6 Dodging
 - Level 0.1 Stealth
 + Level 5.7 Shields
 + Level 0.3 Evocations


You had 10 spell levels left.
You didn't know any spells.
Your spell library contained the following spells:

 Spells                   Type           Power      Damage    Failure   Level
 Ozocubu's Armour         Ice            0%         N/A       86%         3
 Metabolic Englaciation   Hex/Ice        0%         N/A       100%        5
 Sculpt Simulacrum        Ice/Alch       0%         N/A       100%        6


Dungeon Overview and Level Annotations

Branches:
Dungeon (8/15)             Temple (1/1) D:6
   Lair: D:8-11

Altars:
Ashenzari
Cheibriados
Dithmenos
Elyvilon
Fedhas
Gozag
Hepliaklqana
Kikubaaqudgha
Makhleb
Nemelex Xobeh
Okawaru
Ru
Sif Muna
Trog
Uskayaw
Vehumet
Wu Jian
Xom
Yredelemnul
Zin
The Shining One

Shops:
D:4 *   D:5 [

Annotations:
D:8 Psyche


Innate Abilities, Weirdness & Mutations

You are a filthy swine.
You move quickly.
Your equipment is almost entirely melded.
You are incapable of wielding weapons or throwing items.
You cannot cast spells.
((You have a pair of horns on your head.))
((You reflexively headbutt those who attack you in melee.))


Message History

The gnoll sergeant blocks your attack.
The gnoll sergeant is lightly wounded.
Psyche hits you with a +2 dagger of distortion.
The gnoll sergeant hits you with a +0 trident!
The gnoll misses you. Psyche barely misses you.
You closely miss the gnoll sergeant.
The gnoll sergeant is lightly wounded.
Psyche hits you with a +2 dagger of distortion!
Space warps around you.
The gnoll hits you from afar with a +0 spear.
You closely miss the gnoll sergeant.
The gnoll sergeant is lightly wounded.
Psyche hits you with a +2 dagger of distortion!
* * * LOW HITPOINT WARNING * * *
You are cast into the Abyss!
This branch contains the abyssal rune of Zot.
You start resting.
A thrashing horror materialises.
The thrashing horror roars!
The thrashing horror tramples you.
* * * LOW HITPOINT WARNING * * *
You stumble backwards!
The thrashing horror misses you.
The thrashing horror closely misses you.
The thrashing horror attacks as it pursues you!
The thrashing horror tramples you!
* * * LOW HITPOINT WARNING * * *
You stumble backwards!
The thrashing horror misses you. The thrashing horror tramples you!
* * * LOW HITPOINT WARNING * * *
You stumble backwards!
Found a corrupted altar of Lugonu.
The thrashing horror attacks as it pursues you!
The thrashing horror completely misses you.
The thrashing horror tramples you.
* * * LOW HITPOINT WARNING * * *
You stumble backwards!
The thrashing horror closely misses you.
The thrashing horror tramples you.
You die...

. #.....# ....#
...###...###..#.#
..#..............
................#
...#....#.....#..#
.. ##..###...##
##..#.....## ##.#
#..........#.._#
.........Xh.#
#.#..#....#...#
.#..####.###..#
.... #.. ...# ...
##. ..## . ###


You could see a thrashing horror.

Vanquished Creatures
  Gastronok (D:8)
  A two-headed ogre (D:8)
  Pikel (D:6)
  Grinder (D:6)
  Sigmund (D:3)
  4 wyverns
  8 yaks
  3 steam dragons
  Edmund (D:6)
  A water moccasin (D:5)
  A sky beast (D:5)
  2 ice beasts
  5 ogres
  2 bullfrogs
  2 scorpions (D:5)
  17 wights
  6 killer bees (D:8)
  3 bombardier beetles
  2 hounds
  A jelly (D:3)
  Crazy Yiuf (D:3)
  4 orc priests
  2 iguanas
  Terence (D:2)
  Jessica (D:3)
  Natasha (thrice) (D:3)
  10 orc wizards
  A sleepcap (D:8)
  7 gnolls
  7 adders
  10 river rats (D:7)
  A shadow imp (D:5)
  2 white imps
  2 ufetubi (D:7)
  2 dart slugs
  A ribbon worm (D:3)
  20 orcs
  3 ball pythons
  4 bats
  6 endoplasms
  5 giant cockroaches
  7 goblins
  5 hobgoblins
  6 jackals
  7 quokkas
  3 frilled lizards
  7 kobolds
  19 rats
210 creatures vanquished.

Notes
Turn   | Place    | Note
-------+----------+-------------------------------------------
     0 | D:1      | sizofrenicar the Minotaur Berserker began the quest for the
                  | Orb.
     0 | D:1      | Reached XP level 1. HP: 19/19 MP: 0/0
   169 | D:1      | Reached XP level 2. HP: 26/27 MP: 1/1
   221 | D:1      | Reached skill level 4 in Axes
   935 | D:2      | Noticed Terence
   941 | D:2      | Killed Terence
   942 | D:2      | Reached XP level 3. HP: 33/33 MP: 2/2
  1026 | D:2      | Reached ** piety under Trog
  1113 | D:2      | Reached XP level 4. HP: 40/40 MP: 3/3
  1189 | D:2      | Reached skill level 5 in Axes
  1597 | D:3      | Reached skill level 1 in Shields
  1597 | D:3      | Reached XP level 5. HP: 32/47 MP: 4/4
  1699 | D:3      | Noticed Sigmund
  1716 | D:3      | Killed Sigmund
  1717 | D:3      | Reached skill level 6 in Axes
  1717 | D:3      | Reached XP level 6. HP: 53/53 MP: 5/5
  1734 | D:3      | Noticed Jessica
  1741 | D:3      | Killed Jessica
  1906 | D:3      | Noticed Natasha
  1921 | D:3      | Killed Natasha
  1997 | D:3      | Noticed Natasha
  2012 | D:3      | Killed Natasha
  2167 | D:3      | Identified the +7 whip "Arbiter" {venom, rPois Int+3}
  2389 | D:3      | Identified the +0 buckler of Aligenu {+Inv rPois Will-}
  2440 | D:3      | Noticed Natasha
  2447 | D:3      | Killed Natasha
  2814 | D:3      | Found a runed translucent door.
  2815 | D:3      | Noticed Crazy Yiuf
  2822 | D:3      | Killed Crazy Yiuf
  3046 | D:4      | Upgraded the game from 0.31.0-9-g3a7656b989 to
                  | 0.31.0-11-ge490571c62
  3118 | D:4      | Found Zeiq's Assorted Antiques.
  3176 | D:4      | Reached XP level 7. HP: 60/60 MP: 6/6
  3185 | D:4      | Reached skill level 5 in Fighting
  3588 | D:5      | Entered Level 5 of the Dungeon
  3598 | D:5      | Found a shadowy altar of Dithmenos.
  3643 | D:5      | Reached skill level 5 in Armour
  3855 | D:5      | Reached skill level 7 in Axes
  4218 | D:5      | Reached skill level 8 in Axes
  4218 | D:5      | Reached XP level 8. HP: 69/69 MP: 7/7
  4280 | D:5      | Found a transporter.
  4306 | D:5      | Found a transporter.
  4498 | D:5      | Reached skill level 9 in Axes
  4562 | D:5      | Found Lusivism's Antique Armour Shoppe.
  4736 | D:6      | Noticed Edmund
  4755 | D:6      | Killed Edmund
  4793 | D:6      | Found a staircase to the Ecumenical Temple.
  4793 | D:6      | Noticed Grinder
  4801 | D:6      | Paralysed by Grinder for 2 turns
  4829 | D:6      | Killed Grinder
  4830 | D:6      | Reached XP level 9. HP: 37/78 MP: 8/8
  4970 | D:6      | Noticed Pikel
  4981 | D:6      | Killed Pikel
  4982 | D:6      | Reached skill level 10 in Axes
  4982 | D:6      | Reached skill level 1 in Maces & Flails
  5521 | Temple   | Entered the Ecumenical Temple
  5760 | D:7      | Reached *** piety under Trog
  6432 | D:7      | Reached skill level 5 in Maces & Flails
  6491 | D:7      | Reached **** piety under Trog
  6552 | D:7      | Reached XP level 10. HP: 84/85 MP: 9/9
  6608 | D:7      | Reached skill level 5 in Shields
  6967 | D:7      | Found a hazy altar of Hepliaklqana.
  7374 | D:7      | Found a blossoming altar of Fedhas.
  7721 | D:8      | Reached skill level 5 in Dodging
  8010 | D:8      | Reached skill level 11 in Axes
  8090 | D:8      | Noticed Gastronok
  8093 | D:8      | Found a glowing silver altar of Zin.
  8110 | D:8      | Killed Gastronok
  8111 | D:8      | Reached skill level 12 in Axes
  8209 | D:8      | Noticed a two-headed ogre
  8216 | D:8      | Killed a two-headed ogre
  8217 | D:8      | Reached skill level 10 in Armour
  8217 | D:8      | Reached XP level 11. HP: 95/95 MP: 8/10
  8377 | D:8      | Noticed Psyche
  8395 | Abyss:2  | Cast into level 2 of the Abyss (Psyche)
  8400 | Abyss:2  | Noticed a thrashing horror
  8405 | Abyss:2  | HP: 4/95 [thrashing horror (7)]
  8406 | Abyss:2  | Found a corrupted altar of Lugonu.
  8406 | Abyss:2  | Slain by a thrashing horror

Illustrated notes

Levels and vault maps discovered:
D:1:      dpeg_arrival_prison, layout_basic
D:2:      minmay_kobold_bridge, layout_rooms, serial_forest,
          infiniplex_forest_zigzag_2, infiniplex_forest_clump_small,
          infiniplex_forest_clump_curved, infiniplex_forest_clump_long,
          infiniplex_forest_straight_3, infiniplex_forest_lined_corner,
          infiniplex_forest_zigzag_1, uniq_terence
D:3:      layout_loops_corners, minmay_bisected, uniq_crazy_yiuf_cottage,
          uniq_sigmund, uniq_jessica, uniq_natasha
D:4:      layout_rooms, serial_shops, shop
D:5:      gammafunk_wand_slinger, layout_basic,
          mainiacjoe_overflow_surrounded_room, nicolae_wooded_promenade
D:6:      layout_basic, minmay_temple_entry_stoned_glass,
          hangedman_decor_clover_reticule,
          nicolae_concentric_dashed_squares_wild, uniq_grinder, uniq_edmund,
          uniq_pikel
D:7:      lemuel_ratsnest, layout_basic, fedhas_altar_fruit_tree,
          general_overflow_altar
D:8:      layout_basic, lemuel_crystal_altar, glass_columns_b, uniq_psyche,
          uniq_gastronok
Temple:   minmay_temple_bridge_d
Abyss:2:  base: D:8, base:
D:4

Skill      XL: |  1  2  3  4  5  6  7  8  9 10 |
---------------+-------------------------------+-----
Fighting       | 4 5 6 7 8 |  8.6
Axes           | 4 5 6 8 9 10 12 | 12.4
Armour         | 3 4 6 8 9 10 | 10.0
Dodging        | 3 4 5 |  5.6
Shields        | 1 2 3 4 5 |  5.7
Maces & Flails | 5 7 |  7.0
Throwing       | |  0.2
Stealth        | |  0.1
Evocations     | |  0.3

Action                     |  1- 3 |  4- 6 |  7- 9 | 10-12 || total
---------------------------+-------+-------+-------+-------++-------
  Melee: Hand axe          |    99 |   103 |   117 |   134 ||   453
         Headbutt          |    19 |    19 |    46 |    34 ||   118
         Flail             |       |       |   127 |    13 ||   140
         Unarmed           |       |       |     6 |     3 ||     9
  Throw: Dart              |       |     4 |       |       ||     4
 Invoke: Berserk           |     1 |     4 |     8 |     5 ||    18
         Trog's Hand       |       |       |     1 |       ||     1
  Evoke: Wand              |       |       |     1 |       ||     1
 Armour: Chain mail        |    48 |    76 |   101 |       ||   225
         Skin              |       |       |     5 |    13 ||    18
         Scale mail        |       |       |    65 |   121 ||   186
  Dodge: Dodged            |    36 |    31 |   121 |    70 ||   258
  Block: Kite shield       |    16 |    21 |       |       ||    37
         Buckler           |       |    12 |    46 |    32 ||    90
